 Dungeon Crawl Stone Soup version 0.31-a0-152-g6aa68a64a1 (webtiles) character file.

Game seed: 9753753365936341036

66 jlumianski the Ducker (level 4, -3/31 HPs)
             Began as a Djinni Fire Elementalist on June 10, 2023.
             Slain by a kobold brigand
             ... wielding a +0 club
              (5 damage)
             ... in a sewer.
             The game lasted 00:05:32 (522 turns).

jlumianski the Ducker (Djinni Fire Elementalist)     Turns: 522, Time: 00:05:33

Health: -3/31      AC:  2    Str:  7    XL:     4   Next: 37%
Gold:   43         EV: 13    Int: 19    God:
                   SH:  0    Dex: 13

rFire   + + .        d - +0 short sword
rCold   x . .        (no shield)
rNeg    . . .        a - +0 robe
rPois   ∞            (no helmet)
rElec   .            (no cloak)
rCorr   .            (no gloves)
SInv    .            (boots unavailable)
Will    .....        (no amulet)
Stlth   ++           (no ring)
HPRegen 0.25/turn    (no ring)
MPRegen 0.00/turn

%: infuse magic (-4 HP)
@: flying
A: sickness immunity, fire resistance 2, cold vulnerability 1, float, innate
caster, HP casting, extra vitality 1
a: no special abilities


You were in a sewer.
You visited 1 branch of the dungeon, and saw 3 of its levels.
You also visited: Sewer.

You collected 43 gold pieces.

Inventory:

Hand Weapons
 d - a +0 short sword (weapon)
Armour
 a - a +0 robe (worn)
Scrolls
 b - a scroll of enchant armour {unknown}
Potions
 c - a potion of attraction {unknown}
 e - a potion of magic
 f - a potion of brilliance {unknown}
 g - a potion of heal wounds {unknown}


   Skills:
 + Level 0.1 Fighting
 + Level 3.6 Dodging
 + Level 2.6 Stealth
 + Level 3.0 Spellcasting
 + Level 3.0 Conjurations
 + Level 3.0 Hexes
 + Level 3.0 Summonings
 + Level 3.0 Necromancy
 + Level 3.0 Translocations
 + Level 3.0 Transmutations
 + Level 3.0 Fire Magic
 + Level 3.0 Ice Magic
 + Level 3.0 Air Magic
 + Level 3.0 Earth Magic
 + Level 3.0 Poison Magic


You knew the following spells:

 Your Spells              Type           Power      Damage    Failure   Level
a - Foxfire               Conj/Fire      56%        2x1d6     4%          1
b - Scorch                Fire           28%        2d6       7%          2
c - Volatile Blastmotes   Fire/Tloc      28%        2d12      13%         3
d - Inner Flame           Hex/Fire       14%        N/A       13%         3
e - Flame Wave            Conj/Fire      14%        2d6       41%         4
f - Magic Dart            Conj           56%        1d5       4%          1
Your spell library was empty.

Dungeon Overview and Level Annotations

Branches:
Dungeon (3/15)              Sewer (1/1)

Altars:


Innate Abilities, Weirdness & Mutations

You are immune to sickness and miasma.
You are immune to poison.
Your flesh is very heat resistant. (rF++)
You are vulnerable to cold. (rC-)
You float through the air rather than walking.
You learn spells naturally, not from books.
Your magical power is your life essence.
You have superior vitality. (+4 MHP)


Message History

Confirm with . or Enter, or press ? or * to list all spells.
You conjure some foxfire!
The kobold hits you with a +0 whip.
You hit the kobold.
The kobold is moderately wounded.
The foxfire hits the kobold.
You kill the kobold!
The foxfire hits the kobold brigand.
The kobold brigand is lightly wounded.
The kobold throws a stone.
The stone closely misses you.
Casting: Foxfire (safe; 4% risk of failure)
Confirm with . or Enter, or press ? or * to list all spells.
Flames lash the kobold.
You kill the kobold!
Casting: Scorch (safe; 7% risk of failure)
Confirm with . or Enter, or press ? or * to list all spells.
You conjure some foxfire!
The kobold brigand hits you with a +0 club.
The kobold closely misses you.
You hit the kobold brigand.
The kobold brigand is lightly wounded.
The foxfire hits the kobold brigand but does no damage.
The kobold brigand is lightly wounded.
The foxfire hits the kobold but does no damage.
The kobold hits you but does no damage.
The kobold brigand hits you with a +0 club.
Casting: Foxfire (safe; 4% risk of failure)
Confirm with . or Enter, or press ? or * to list all spells.
You conjure some foxfire!
The kobold brigand hits you with a +0 club!
* * * LOW HITPOINT WARNING * * *
You hit the kobold brigand but do no damage.
The kobold brigand is lightly wounded.
The foxfire hits the kobold brigand but does no damage.
The kobold brigand is lightly wounded.
The foxfire hits the kobold but does no damage.
The kobold closely misses you. The kobold brigand closely misses you.
It was a potion of magic.
Magic washes over you without effect. The kobold barely misses you.
The kobold brigand hits you with a +0 club.
You die...

##†....~≈≈
##......≈≈≈
#......≈≈≈≈
#.....#≈≈≈≈
#....##~≈≈≈
#....#≈≈≈≈≈
##....~≈≈≈≈≈
#....~~~≈≈≈≈
#.K@K.~≈≈≈≈≈
###K###≈#≈#≈
..) #≈#≈#
..... #≈#≈
##...## #≈#
!...) #≈
?!#!! ###
###


You could see a kobold brigand and 2 kobolds.

Vanquished Creatures
  2 adders (Sewer)
  A river rat (Sewer)
  A worm (D:3)
  An orc (D:3)
  6 ball pythons
  4 endoplasms
  A goblin (D:3)
  11 kobolds (Sewer)
  16 rats
43 creatures vanquished.

Vanquished Creatures (others)
  67 foxfires
67 creatures vanquished.

Grand Total: 110 creatures vanquished

Notes
Turn   | Place    | Note
-------+----------+-------------------------------------------
     0 | D:1      | jlumianski the Djinni Fire Elementalist began the quest for
                  | the Orb.
     0 | D:1      | jlumianski set off with the following spells memorised:
                  | Foxfire, Scorch, Volatile Blastmotes, Inner Flame, Flame
                  | Wave.
     0 | D:1      | Reached XP level 1. HP: 15/15 MP: 0/0
   102 | D:3      | Reached XP level 2. HP: 20/21 MP: 0/0
   111 | D:3      | Found a glowing drain.
   132 | Sewer    | Entered a sewer
   266 | Sewer    | Reached XP level 3. HP: 23/25 MP: 0/0
   266 | Sewer    | Learned a level 1 spell: Magic Dart
   326 | Sewer    | Reached XP level 4. HP: 29/31 MP: 0/0
   513 | Sewer    | Noticed a kobold brigand
   522 | Sewer    | Slain by a kobold brigand

Illustrated notes

Levels and vault maps discovered:
D:1:      nicolae_arrival_washed_ashore, layout_basic, minmay_pentomino_o2
D:2:      layout_loops_cross, ebering_ecumenical_altar_rust,
          grunt_decor_fettered, minmay_misc_feat_doors, grunt_ministairs_10,
          minmay_increasing_density, uniq_crazy_yiuf_cottage
D:3:      layout_rooms, nicolae_dithmenos_shadow_blocks,
          cheibrodos_sewer_entry_sluice, uniq_ijyb
Sewer:    sewer_minmay_treatment

Skill      XL: |  1  2 |
---------------+-------+-----
Spellcasting   | |  3.0
Conjurations   | |  3.0
Hexes          | |  3.0
Summonings     | |  3.0
Necromancy     | |  3.0
Translocations | |  3.0
Transmutations | |  3.0
Fire Magic     | |  3.0
Ice Magic      | |  3.0
Air Magic      | |  3.0
Earth Magic    | |  3.0
Poison Magic   | |  3.0
Stealth        | 2 |  2.6
Dodging        | 3 |  3.6
Fighting       | |  0.1

Action                     |  1- 3 |  4- 6 || total
---------------------------+-------+-------++-------
  Melee: Unarmed           |     3 |       ||     3
         Short sword       |       |    12 ||    12
         Punch             |       |     1 ||     1
   Cast: Foxfire           |    20 |    16 ||    36
         Scorch            |     2 |     4 ||     6
    Use: Potion            |       |     1 ||     1
 Armour: Robe              |     1 |     6 ||     7
  Dodge: Dodged            |     4 |    22 ||    26

Table legend: (Time is in decaauts)
 A = Elapsed time spent in this place.
 B = Non-inter-level travel time spent in this place.
 C = Inter-level travel time spent in this place.
 D = Time resting spent in this place.
 E = Time spent auto-exploring this place.
 F = Levels seen in this place.
 G = Mean time per level.
                   A        B        C        D        E       F      G
               +--------+--------+--------+--------+--------+-----+--------+
         Total |    520 |    520 |      0 |     97 |    149 |   4 |  130.0 |
       Dungeon |    131 |    131 |      0 |      0 |     42 |   3 |   43.7 |
         Sewer |    389 |    389 |      0 |     97 |    107 |   1 |  389.0 |
               +--------+--------+--------+--------+--------+-----+--------+

Top non-repeatable levels by time:
   Sewer: 389 daAuts
     D:3: 67 daAuts
     D:1: 43 daAuts
     D:2: 20 daAuts
